AoeStats
← So sad

Nomad

508292124Analyzed
3v3 RM · 9d ago on Sep 21, 2026· 38m 25s· 6 players
Game mode
Random Map
Map size
210×210
Population
200
Speed
Normal
Resources
Standard
Victory
Conquest
Starting age
Dark Age
Ending age
Imperial Age
RankedLock teamsTeams togetherTeam positionsShared explorationLock speedFull tech treeHidden civsTurbo modeCheats
Victory
Defeat
🇺🇦 Magyars · Ukraine
1376
+17
🇧🇾 Bulgarians · Belarus
1367
+18
🇧🇾 Berbers · Belarus
1359
+18
🇵🇪 Cumans · Peru
1426
-19
🇵🇪 Burgundians · Peru
1416
-18
🇲🇽 Wu · Mexico
1359
-16
So sad
5:26 Loom
13:48 Feudal Age
18:52 Castle Age
17:10 Fishing Lines
18:51 Scale Barding Armor
18:57 Forging
19:56 Husbandry
20:26 Double-Bit Axe
21:05 Town Watch
22:07 Bloodlines
29:36 Padded Archer Armor
NiL
4:13 Loom
12:30 Feudal Age
13:30 Fishing Lines
20:48 Scale Barding Armor
24:25 Castle Age
25:26 Double-Bit Axe
26:04 Chain Barding Armor
25:35 Fletching
25:58 Gillnets
25:52 Light Cavalry
26:51 Bloodlines
26:41 Husbandry
30:11 Wheelbarrow
29:21 Town Watch
34:17 Hand Cart
34:12 Bodkin Arrow
34:18 Padded Archer Armor
36:38 Corvinian Army
37:16 Thumb Ring
HURMA
5:13 Loom
12:35 Feudal Age
14:11 Forging
14:02 Scale Mail Armor
14:22 Arson
18:01 Horse Collar
20:00 Double-Bit Axe
20:06 Fishing Lines
23:05 Castle Age
21:48 Fletching
21:59 Padded Archer Armor
23:20 Gold Mining
24:24 Chain Mail Armor
24:46 Iron Casting
24:36 Bow Saw
24:32 Heavy Plow
24:40 Gambesons
24:58 Squires
25:34 Bodkin Arrow
25:06 Pikeman
27:42 Wheelbarrow
33:23 Town Watch
33:38 Gillnets
40:26 Imperial Age
JAGR | BkB
4:56 Loom
12:58 Feudal Age
19:53 Castle Age
17:45 Double-Bit Axe
18:44 Scale Barding Armor
19:50 Bloodlines
20:06 Forging
21:09 Chain Barding Armor
32:14 Wheelbarrow
32:40 Fishing Lines
33:20 Town Watch
35:49 Iron Casting
36:36 Gold Mining
40:27 Imperial Age
38:20 Scale Mail Armor
JAGR | TheButterfly_Effect
9:51 Loom
12:09 Feudal Age
14:37 Town Watch
24:18 Castle Age
22:24 Fletching
23:10 Scale Mail Armor
26:01 Pikeman
JAGR | Rojnar
10:33 Double-Bit Axe
11:14 Loom
13:51 Feudal Age
12:25 Fishing Lines
15:16 Bow Saw
16:12 Gillnets
18:09 Wheelbarrow
17:31 Fletching
23:44 Castle Age
23:25 Forging
23:21 Scale Barding Armor
23:40 Town Watch
25:11 Chain Barding Armor
25:17 Husbandry
25:01 Horse Collar
28:29 Heavy Plow
31:25 Two-Man Saw
31:41 Bodkin Arrow
Connection lost

Rejoining the realm…

Still unreachable

The connection could not be restored.

Session expired

The server has moved on; the page needs a fresh start.